 Dungeon Crawl Stone Soup version 0.27-a0-1191-g601b473118 (webtiles) character file.

Game seed: 4079293988506387729

602 tilp the Caller (level 7, 0/54 HPs)
             Began as a Barachi Summoner on May 23, 2021.
             Was a Follower of Okawaru.
             Succumbed to Duvessa's poison
             ... on level 5 of the Dungeon.
             The game lasted 00:09:06 (6490 turns).

tilp the Caller (Barachi Summoner)                  Turns: 6490, Time: 00:09:07

Health: 0/54       AC:  8    Str: 11    XL:     7   Next: 41%
Magic:  1/11       EV: 11    Int: 21    God:    Okawaru [*.....]
Gold:   123        SH:  0    Dex: 13    Spells: 6/12 levels left

rFire    + . .     SeeInvis .   a - +0 spear (vorpal)
rCold    + . .     Faith    .   (no shield)
rNeg     . . .     Spirit   .   k - +0 ring mail
rPois    +         Reflect  .   m - +0 helmet
rElec    +         Harm     .   (no cloak)
rCorr    +         Rampage  .   i - +0 pair of gloves
Will     .....                  h - +0 pair of boots
Stlth    ++........             (no amulet)
HPRegen  0.18/turn              c - +6 ring of intelligence
MPRegen  0.12/turn              (no ring)

@: lethally poisoned (0 -> -6), resistant, weak-willed, unable to hop, slow
A: amphibious, slowness 1, strong legs 1, +LOS
a: Hop, Renounce Religion, Heroism


You were on level 5 of the Dungeon.
You worshipped Okawaru.
Okawaru was aware of your devotion.
You visited 2 branches of the dungeon, and saw 6 of its levels.

You collected 123 gold pieces.

Inventory:

Hand Weapons
 a - a +0 vorpal spear (weapon)
 b - a +0 short sword
Missiles
 j - 48 poisoned darts
Armour
 h - a +0 pair of boots (worn)
 i - a +0 pair of gloves (worn)
 k - a +0 ring mail (worn)
 m - a +0 helmet (worn)
Jewellery
 c - a +6 ring of intelligence (left hand)
Wands
 g - a wand of flame (13)
 o - a wand of digging (5)
Scrolls
 f - 2 scrolls of identify
Potions
 l - a potion of mutation
 n - a potion of flight


   Skills:
 - Level 4.0 Fighting
 * Level 3.4 Polearms
 + Level 3.6 Dodging
 - Level 4.0 Stealth
 - Level 3.0 Spellcasting
 - Level 6.0 Summonings


You had 6 spell levels left.
You knew the following spells:

 Your Spells              Type           Power      Damage    Failure   Level
a - Summon Small Mammal   Summ           100%       N/A       2%          1
b - Call Imp              Summ           28%        N/A       4%          2
c - Call Canine Familiar  Summ           28%        N/A       9%          3

Your spell library contained the following spells:

 Spells                   Type           Power      Damage    Failure   Level
 Summon Guardian Golem    Hex/Summ       15%        N/A       28%         3
 Corona                   Hex            3%         N/A       32%         1
 Magic Dart               Conj           12%        1d3       32%         1
 Ensorcelled Hibernation  Hex/Ice        6%         N/A       43%         2
 Searing Ray              Conj           6%         3d3       43%         2
 Confusing Touch          Hex            3%         N/A       67%         3
 Dazzling Flash           Conj/Hex       6%         N/A       67%         3
 Tukima's Dance           Hex            3%         N/A       67%         3
 Summon Ice Beast         Ice/Summ       15%        N/A       67%         4
 Summon Lightning Spire   Summ/Air       15%        N/A       67%         4
 Fulminant Prism          Conj/Hex       1%         3d6       97%         4
 Iskenderun's Mystic Bla  Conj/Tloc      3%         2d3       97%         4


Dungeon Overview and Level Annotations

Branches:
Dungeon (5/15)             Temple (1/1) D:4

Altars:
Ashenzari
Dithmenos
Elyvilon
Gozag
Hepliaklqana
Kikubaaqudgha
Makhleb
Nemelex Xobeh
Okawaru
Qazlal
Ru
Sif Muna
Trog
Vehumet
Wu Jian
Xom
Yredelemnul
Zin

Shops:
D:5 [

Annotations:
D:5 Duvessa


Innate Abilities, Weirdness & Mutations

You are amphibious.
You cover ground slowly.
You can hop short distances.
You have an extended range of vision and can be seen from far away.


Message History

Press: ? - help, Dir - move target, p - Duvessa Boing!
You feel very sick.
Duvessa shakes in a combination of rage and grief.
Casting: Call Canine Familiar (dangerous; 9% risk of failure)
Confirm with . or Enter, or press ? or * to list all spells.
You feel very sick. Duvessa barely misses your hound.
You feel very sick.
Your hound barely misses Duvessa.
Duvessa hits your hound with a +2 short sword of venom!
Your hound is poisoned.
You feel sick.
Your hound bites Duvessa but does no damage.
Duvessa hits your hound with a +2 short sword of venom!
Your hound dies!
Your hound's corpse disappears in a puff of smoke!
You feel sick.
You feel sick.
You feel sick.
As you read the scroll labelled NILEYM ARIH, it crumbles to dust.
Magic quickly surges around you.
It was a scroll of vulnerability.
You feel sick.
You feel protected.
You feel sick.
Unknown command.
You feel sick.
You are no longer poisoned.
You hit Duvessa but do no damage.
Duvessa is lightly wounded.
Duvessa hits you with a +2 short sword of venom.
* * * LOW HITPOINT WARNING * * *
Unknown command.
You hit Duvessa but do no damage.
Duvessa is lightly wounded.
Duvessa hits you but does no damage.
You are lethally poisoned!
You hit Duvessa but do no damage.
Duvessa is lightly wounded.
You die...

### #.##########
#.....e....#
#.########.# #.#
#.# #.# #e# #5#
#@# #######.# #.#
...5e...# #.#
######### #.#
..##############.#
..#..............#
..#..........#####
..#..........#
..#..........#


You could see Duvessa.

Vanquished Creatures
  A centaur (D:5)
  A scorpion (D:4)
  A wyvern zombie (D:5)
  A wyvern skeleton (D:3)
  Dowan (D:5)
  A bullfrog zombie (D:5)
  A jelly (D:5)
  A bullfrog skeleton (D:5)
  A centaur skeleton (D:5)
  An orc wizard (D:4)
  A hound skeleton (D:4)
  An adder (D:2)
  2 adder skeletons (D:4)
  A worm (D:2)
  2 dart slugs
  2 orcs
  2 endoplasms (D:2)
  3 goblins
  7 hobgoblins
  4 jackals (D:4)
  A quokka (D:1)
  5 ball pythons
  2 bats
  A frilled lizard (D:2)
  7 kobolds
  3 rats
54 creatures vanquished.

Vanquished Creatures (collateral kills)
  A sky beast (D:5)
  Terence (D:2)
  2 iguanas
  Robin (D:3)
  4 gnolls (D:3)
  3 adders
  An adder skeleton (D:4)
  3 worms
  A dart slug (D:1)
  An orc (D:4)
  A ball python (D:2)
  8 endoplasms
  5 goblins
  6 hobgoblins
  4 jackals (D:4)
  3 kobolds
  2 quokkas
  A frilled lizard (D:1)
  2 rats
50 creatures vanquished.

Grand Total: 104 creatures vanquished

Notes
Turn   | Place    | Note
-------+----------+-------------------------------------------
     0 | D:1      | tilp the Barachi Summoner began the quest for the Orb.
     0 | D:1      | Reached XP level 1. HP: 13/13 MP: 3/3
   129 | D:1      | Reached skill level 1 in Fighting
   375 | D:1      | Reached XP level 2. HP: 22/22 MP: 1/5
   378 | D:1      | Learned a level 2 spell: Call Imp
  1578 | D:2      | Reached XP level 3. HP: 27/29 MP: 0/6
  2020 | D:2      | Learned a level 3 spell: Call Canine Familiar
  2075 | D:2      | Reached skill level 5 in Summonings
  2379 | D:2      | Noticed Terence
  2431 | D:2      | Killed Terence
  2432 | D:2      | Reached XP level 4. HP: 35/35 MP: 0/8
  2959 | D:3      | Found a faded altar of an unknown god.
  3111 | D:3      | Found a stormy altar of Qazlal.
  3234 | D:3      | Reached skill level 6 in Summonings
  3246 | D:3      | Reached XP level 5. HP: 20/41 MP: 2/9
  3739 | D:3      | Reached skill level 1 in Polearms
  3751 | D:3      | Noticed Robin
  3756 | D:3      | Killed Robin
  4558 | D:4      | Found a shimmering altar of Xom.
  4739 | D:4      | Found a staircase to the Ecumenical Temple.
  4769 | D:4      | Reached XP level 6. HP: 47/47 MP: 6/10
  4801 | Temple   | Entered the Ecumenical Temple
  4958 | Temple   | Became a worshipper of Warmaster Okawaru
  5477 | D:5      | Entered Level 5 of the Dungeon
  5477 | D:5      | Found Sottots's Armour Shoppe.
  5540 | D:5      | Noticed an ice beast
  5552 | D:5      | Noticed a sky beast
  5573 | D:5      | Killed a sky beast
  5668 | D:5      | Reached * piety under Okawaru
  5902 | D:5      | Reached XP level 7. HP: 44/54 MP: 4/11
  6276 | D:5      | Noticed Duvessa
  6276 | D:5      | Noticed Dowan
  6291 | D:5      | Killed Dowan
  6488 | D:5      | HP: 2/54 [Duvessa/+2 short sword of venom (4)]
  6490 | D:5      | Succumbed to Duvessa's poison

Illustrated notes

Levels and vault maps discovered:
D:1:      dpeg_arrival_arbitrary_b, layout_basic
D:2:      layout_loops_ring, chequers_serial_rivers_small_a, uniq_terence
D:3:      layout_loops_corners, lemuel_crystal_altar,
          hellmonk_ecumenical_altar_lost_god, uniq_robin
D:4:      layout_loops_cross, lemuel_doored_altar,
          minmay_temple_entry_antechambers
D:5:      layout_basic, lemuel_tele_altar, serial_curves, eino_curves_02,
          eino_curves_04, serial_shops, shop, uniq_duvessa
Temple:   eino_temple_scatter_basement

Skill      XL: |  1  2  3  4  5  6  7 |
---------------+----------------------+-----
Fighting       | 1 3 4 |  4.0
Spellcasting   | 3 |  3.0
Summonings     | 5 6 |  6.0
Stealth        | 2 3 4 |  4.0
Polearms       | 1 2 3 |  3.4
Dodging        | 3 |  3.6

Action                   |  1- 3 |  4- 6 |  7- 9 || total
-------------------------+-------+-------+-------++-------
Melee: Unarmed           |     7 |       |       ||     7
       Short sword       |    41 |       |       ||    41
       Spear             |    35 |   169 |    45 ||   249
Throw: Dart              |    18 |       |       ||    18
 Cast: Summon Small Mamm |    28 |       |       ||    28
       Call Imp          |    31 |    20 |     8 ||    59
       Call Canine Famil |       |    12 |     6 ||    18
 Abil: Hop               |     1 |     1 |     1 ||     3
Evoke: Wand              |       |       |     1 ||     1
  Use: Scroll            |     3 |     6 |     1 ||    10
       Potion            |     2 |     1 |     3 ||     6
 Stab: Sleeping          |     5 |     1 |       ||     6
       Distracted        |     1 |     3 |     1 ||     5
Armor: Robe              |     4 |       |       ||     4
       Leather armour    |    22 |     4 |       ||    26
       Ring mail         |       |    44 |    19 ||    63
Dodge: Dodged            |    44 |    75 |    22 ||   141

Table legend: (Time is in decaauts)
 A = Elapsed time spent in this place.
 B = Non-inter-level travel time spent in this place.
 C = Inter-level travel time spent in this place.
 D = Time resting spent in this place.
 E = Time spent auto-exploring this place.
 F = Levels seen in this place.
 G = Mean time per level.
                   A        B        C        D        E       F      G
               +--------+--------+--------+--------+--------+-----+--------+
         Total |   7146 |   6828 |    318 |   1175 |   4599 |   6 | 1191.0 |
       Dungeon |   6933 |   6639 |    294 |   1175 |   4416 |   5 | 1386.6 |
        Temple |    212 |    189 |     23 |      0 |    182 |   1 |  212.0 |
               +--------+--------+--------+--------+--------+-----+--------+

Top non-repeatable levels by time:
     D:3: 1661 daAuts
     D:1: 1625 daAuts
     D:4: 1541 daAuts
     D:2: 1461 daAuts
     D:5: 643 daAuts
  Temple: 212 daAuts
